 Dungeon Crawl Stone Soup version 0.02-181-g1f18bfd (webtiles) character file.

Game seed: 8759753420644272261, levelgen mode: deterministic

1861 Kalegnar the Ruffian (level 9, -7/81 HPs) Ghoul Monk. Began on Oct 20, 2020. Mangled by a guardian mummy ... wielding a cursed +2 mace of protection {(Curse: Fragile)} (43 damage) ... on level 3 of the Dungeon. The game lasted 00:19:10 (3187 turns).

Kalegnar the Ruffian (Ghoul Monk)                   Turns: 3187, Time: 00:19:11

Health: -7/81      AC: 13    Str: 15    XL:     9 ^: 1989
Magic:  10/10      EV: 12    Int:  5    God:
Gold:   127        SH:  0    Dex: 14    Spells: 8/8 levels left

rFire    . . .     Vision   .     - Unarmed
rCold    + . .     Gourm    .     - Unarmed
rNeg     + + +     Faith    .   r - +0 ring mail
rPois    ∞         Spirit   .   e - +0 helmet
rElec    .         Reflect  .   (no cloak)
rCorr    .         Harm     .   (no gloves)
MR       .....                  p - +1 pair of boots
Stlth    +.........             l - amulet of magic regeneration
HPRegen  0.00/turn              d - ring of protection
MPRegen  0.45/turn              (no ring)

@: rotting, very slow
A: rotting body, claws 1, carnivore, cold resistance 1, negative energy
resistance 3, inhibited regeneration, torment resistance, unbreathing
a: no special abilities


You were on level 3 of the Dungeon.
You were not hungry.

You visited 1 branch of the dungeon, and saw 3 of its levels.

You collected 186 gold pieces.
You spent 59 gold pieces at shops.

Inventory:

Armour
 e - a +0 helmet (worn)
 p - a +1 pair of boots (worn)
 r - a +0 ring mail (worn)
Jewellery
 d - a ring of protection (left claw)
 l - an amulet of magic regeneration (around neck)
Wands
 j - a wand of iceblast
Scrolls
 f - 2 scrolls of enchantment
 h - a scroll of immolation
 o - a scroll of blinking
 s - a scroll of bless item
Potions
 c - a potion of brilliance
 g - a potion of heal wounds
 i - a potion of resistance
 k - 2 potions of curing
 m - a potion of ambrosia
 n - a potion of agility
 q - a potion of invisibility
Comestibles
 b - 4 rations


   Skills:
 + Level 7.9 Fighting
 + Level 3.1 Armour
 - Level 3.0 Dodging
 - Level 5.0 Stealth
 + Level 7.9 Unarmed Combat
 + Level 3.5 Evocations


You had 8 spell levels left.
You didn't know any spells.
Your spell library was empty.

Dungeon Overview and Level Annotations

Branches:
Dungeon (3/8)

Altars:
Elyvilon
Qazlal
Sif Muna
Xom

Shops:
D:2 *%}**


Innate Abilities, Weirdness & Mutations

Your body is rotting away.
You thrive on raw meat.
You are immune to poison.
You have sharp fingernails. (+2 Unarmed)
You are carnivorous and can eat meat at any time.
You are cold resistant. (rC+)
You are immune to negative energy. (rN+++)
You do not regenerate when monsters are visible.
You are immune to unholy pain and torment.
You can survive without breathing.


Message History

Eat a chunk of flesh? (ye/n/q)
You eat the chunk of flesh.
This raw flesh tastes great!
The guardian mummy hits you with a cursed +2 mace of protection {(Curse: Fragile)} (14)!
Okay, then.
You scratch the guardian mummy but do no damage.
The guardian mummy blocks your attack.
The guardian mummy is lightly damaged. (46/47) HP You scratch the guardian mummy but do no damage.
The guardian mummy blocks your attack.
The guardian mummy is lightly damaged. (46/47) HP The guardian mummy hits you but does no damage.
The guardian mummy blocks your attack. x2
The guardian mummy blocks your attack. x2
Press: ? - help, v - describe, . - travel
Here: a guardian mummy, wielding a cursed +2 mace of protection {(Curse: Fragile)}, wearing a +0 scutum and wearing a cursed ring of strength {(Curse: Fragile)} (lightly damaged (46/47))
You enter the shallow water.
Moving in this stuff is going to be slow.
The guardian mummy hits you with a cursed +2 mace of protection {(Curse: Fragile)} (43)!!!
Ouch! That really hurt!
You die...

############
####≈≈≈#≈.≈≈≈.#
#.#P≈P≈P≈≈≈≈.≈##
#+#+#+#'#.≈.#.≈#≈≈≈≈≈#
+........≈≈M@≈≈P#≈.≈≈#
#.##+##'##≈##≈#≈#...≈#
#.#=.)#≈.P#≈≈≈≈#
###..)#≈≈##≈≈≈.#
#...#≈.P#≈≈≈≈##
#####≈≈....≈..#
≈≈≈≈≈≈.P≈≈..≈.#######
#####≈##≈.≈≈≈.....)..
#≈.P#≈≈≈≈........


You could see a guardian mummy.

Vanquished Creatures
  A slime creature (D:2)
  A water moccasin (D:2)
  A scorpion (D:3)
  Ijyb (D:2)
  A crocodile (D:2)
  5 big kobolds (D:2)
  A bullfrog (D:3)
  7 jellies (D:2)
  A mummy (D:3)
  A worker ant (D:3)
  10 giant cockroaches
  A bullfrog skeleton (D:3)
  A shadow imp (D:3)
  9 adders
  3 gnolls (D:3)
  30 sewer rats (D:2)
  13 cinder newts
  A worm (D:2)
  3 oozes
  2 dart slugs (D:1)
  5 leopard geckos
  An orc (D:3)
  An adder skeleton (D:2)
  2 goblins (D:1)
  6 hobgoblins (D:1)
  4 jackals (D:2)
  3 ball pythons
  8 bats
  A bat skeleton (D:2)
  25 kobolds
  A kobold skeleton (D:2)
  A leopard gecko skeleton (D:3)
  6 rats (D:1)
  19 plants (D:1)
  2 withered plants (D:2)
178 creatures vanquished.

Vanquished Creatures (others)
  2 jellies (D:2)
  2 bats (D:2)
  2 kobolds (D:2)
  145 withered plants (D:2)
151 creatures vanquished.

Grand Total: 329 creatures vanquished

Notes
Turn   | Place    | Note
-------+----------+-------------------------------------------
     0 | D:1      | Kalegnar the Ghoul Monk began the quest for the Orb.
     0 | D:1      | Reached XP level 1. HP: 19/19 MP: 0/0
    89 | D:1      | Reached XP level 2. HP: 19/26 MP: 1/1
   138 | D:1      | Reached XP level 3. HP: 31/31 MP: 2/2
   300 | D:1      | Reached XP level 4. HP: 40/40 MP: 3/3
   976 | D:2      | Reached XP level 5. HP: 45/45 MP: 4/4
  1107 | D:2      | Reached XP level 6. HP: 53/55 MP: 5/5
  1152 | D:2      | Reached skill level 5 in Fighting
  1193 | D:2      | Reached skill level 5 in Unarmed Combat
  1256 | D:2      | Found Toiqen's Assorted Antiques.
  1263 | D:2      | Reached skill level 5 in Stealth
  1323 | D:2      | Bought a scroll labeled BOXTEI BOLUCASK for 31 gold pieces
  1329 | D:2      | Found Zacoffuog's Gadget Boutique.
  1338 | D:2      | Reached XP level 7. HP: 61/61 MP: 6/6
  1475 | D:2      | Noticed Ijyb
  1493 | D:2      | Killed Ijyb
  1500 | D:2      | Reached skill level 1 in Armour
  1725 | D:2      | Reached XP level 8. HP: 51/71 MP: 7/7
  1779 | D:2      | Reached skill level 1 in Evocations
  1787 | D:2      | Found Yha Tooh's Assorted Antiques.
  1849 | D:2      | Bought a purple potion for 14 gold pieces
  1849 | D:2      | Bought a glowing dark potion for 14 gold pieces
  1858 | D:2      | Found Itiall's Food Shoppe.
  2027 | D:2      | Found Akhiegek's General Store.
  2346 | D:2      | Found a shimmering blue altar of Sif Muna.
  2481 | D:2      | Found a white marble altar of Elyvilon.
  2779 | D:3      | Found a shimmering altar of Xom.
  2847 | D:3      | Reached XP level 9. HP: 79/79 MP: 10/10
  2851 | D:3      | Found a stormy altar of Qazlal.
  3187 | D:3      | Mangled by a guardian mummy

Levels and vault maps discovered:
D:1:      roderic_crop_circles_arrival_small, layout_loops_ring
D:2:      layout_sewer, lemuel_blue_sif_altar, elyvilon_niche, first_ration,
          serial_shops, nicolae_shop_behind_doors, shop,
          nicolae_shop_statue_plus, shop, shop, nicolae_zen_rock_garden,
          uniq_ijyb
D:3:      ossuary_zaba_flooded, layout_basic, lemuel_doored_altar, basic_altar

Skill      XL: |  1  2  3  4  5  6  7  8 |
---------------+-------------------------+-----
Dodging        | 3 |  3.0
Stealth        | 3 4 5 |  5.0
Unarmed Combat | 4 5 6 7 |  7.9
Fighting       | 4 5 6 7 |  7.9
Armour         | 1 3 |  3.1
Evocations     | 3 |  3.5

Action                   |  1- 3 |  4- 6 |  7- 9 || total
-------------------------+-------+-------+-------++-------
Melee: Unarmed           |    71 |   421 |   493 ||   985
Throw: Stone             |       |       |     2 ||     2
       Bone              |       |       |     2 ||     2
       Rusty metal       |       |       |     3 ||     3
       Skull             |       |       |     3 ||     3
Evoke: Wand              |       |       |     1 ||     1
 Stab: Sleeping          |     6 |     4 |     4 ||    14
  Eat: Chunk             |     1 |    12 |    21 ||    34
Armor: Robe              |     2 |    26 |     3 ||    31
       Leather armour    |       |       |    28 ||    28
       Ring mail         |       |       |     3 ||     3
Dodge: Dodged            |    10 |    88 |   112 ||   210
